 Dungeon Crawl Stone Soup version 0.20.1-1-g8b1a95d (webtiles) character file.

327 dvd the Ruffian (level 6, -6/55 HPs)
             Began as a Troll Transmuter on Oct 9, 2017.
             Mangled by Blork the orc
             ... wielding a cursed -2 dire flail
              (14 damage)
             ... on level 4 of the Dungeon.
             The game lasted 00:05:54 (2113 turns).

dvd the Ruffian (Troll Transmuter)                  Turns: 2113, Time: 00:05:55

Health: -6/55      AC:  5    Str: 21 (24) XL:     6   Next: 24%
Magic:  8/8        EV: 10    Int:  8 (11) God:
Gold:   236        SH:  3    Dex:  7 (10) Spells: 7/9 levels left

rFire    . . .     SeeInvis .     - Unarmed
rCold    . . .     Gourm    +   (no shield)
rNeg     . . .     Faith    .   b - +0 robe
rPois    .         Spirit   .   (helmet restricted)
rElec    .         Reflect  +   (no cloak)
rCorr    .         Harm     .   (gloves unavailable)
MR       .....                  (boots unavailable)
Stlth    +.........             w - +3 amulet of reflection
Regen    0.6/turn               (no ring)
MPRegen  0.2/turn               (no ring)

@: mighty
A: unfitting armour, claws 3, fast metabolism 3, gourmand, regeneration 1,
shaggy fur 1, tough skin 2
a: no special abilities


You were on level 4 of the Dungeon.
You were completely stuffed.

You visited 1 branch of the dungeon, and saw 4 of its levels.

You collected 236 gold pieces.

Inventory:

Missiles
 a - 133 arrows
Armour
 b - a +0 robe (worn)
Jewellery
 w - a +3 amulet of reflection (around neck)
Scrolls
 f - 7 scrolls of identify {unknown}
 h - a scroll of noise {unknown}
 j - a scroll of magic mapping {unknown}
 k - 2 scrolls of remove curse {unknown}
 l - a scroll of random uselessness {unknown}
 n - a scroll of amnesia {unknown}
 v - a scroll of blinking {unknown}
Potions
 e - 2 potions of lignification {unknown}
 g - a potion of might
 m - a potion of invisibility {unknown}
 p - 2 potions of degeneration
 r - a potion of ambrosia {unknown}
 t - 2 potions of magic {unknown}
 u - a potion of brilliance {unknown}
Books
 c - a book of Changes

   Spells                             Type                      Level
   a - Beastly Appendage              Transmutation                1
   b - Sticks to Snakes               Transmutation                2
   c - Spider Form                    Transmutation/Poison         3
   d - Ice Form                       Ice/Transmutation            4
   e - Blade Hands                    Transmutation                5
 o - a book of Cantrips

   Spells                             Type                      Level
   a - Confusing Touch                Hexes                        1
   b - Animate Skeleton               Necromancy                   1
   c - Summon Small Mammal            Summoning                    1
   d - Apportation                    Translocation                1
Comestibles
 d - 6 bread rations
 i - a chunk of flesh
 q - a meat ration
 s - a royal jelly


   Skills:
 + Level 1.0 Fighting
 + Level 2.6 Dodging
 + Level 5.1 Unarmed Combat
 + Level 2.0 Spellcasting
 * Level 2.5 Transmutations


You had 7 spell levels left.
You knew the following spells:

 Your Spells              Type           Power        Failure   Level  Hunger
a - Beastly Appendage     Tmut           #.....       12%         1    ##.....
b - Apportation           Tloc           #.....       34%         1    ##.....


Dungeon Overview and Level Annotations

Branches:
Dungeon (4/15)
 Temple: D:4-7

Altars:

Annotations:
D:2 Sigmund
D:4 Blork the orc


Innate Abilities, Weirdness & Mutations

You are too large for most types of armour.
You have claws for hands.
Your metabolism is lightning-fast.
You like to eat raw meat.
Your natural rate of healing is unusually fast.
You are covered in fur. (AC +1)
You have very tough skin. (AC +2)


Message History

A magic dart appears from out of thin air!
The magic dart hits you!
* * * LOW HITPOINT WARNING * * *
The phantom blinks!
The phantom blinks!
You hear some strange, mumbled words.
A magic dart appears from out of thin air!
The magic dart hits you!
* * * LOW HITPOINT WARNING * * *
There is a stone staircase leading down here.
Something hits you.
* * * LOW HITPOINT WARNING * * *
It was a potion of degeneration.
There was something very wrong with that liquid.
You feel weakened.
You feel dopey.
You feel clumsy. You block something's attack.
It was a potion of might.
You feel very mighty all of a sudden. Something hits you!
You die...

##..#...........
########..#..######.##
#.......W....## #.#
#.#####.......## #.#
#.# #ยง..#.#..####.#
#.# #...#..........
#.# #.........###.#
#.#####.....#...# .#
#....@>l.(......#
#..######...##### #..#
#...# #..######...#
#...<.......#
##.######..## #.# #...
#.# #.#


You could see an iguana.

Vanquished Creatures
  An ogre (D:4)
  A big kobold (D:3)
  An orc wizard (D:3)
  A bullfrog skeleton (D:4)
  5 adders
  An adder skeleton (D:4)
  A worm (D:2)
  3 dart slugs
  3 leopard geckos
  3 orcs (D:3)
  8 bats
  A giant cockroach (D:2)
  5 goblins
  8 hobgoblins
  2 ball pythons
  4 frilled lizards
  5 kobolds
  19 rats
72 creatures vanquished.

Notes
Turn   | Place    | Note
-------+----------+-------------------------------------------
     0 | D:1      | dvd the Troll Transmuter began the quest for the Orb.
     0 | D:1      | Reached XP level 1. HP: 18/18 MP: 1/1
    98 | D:1      | Reached XP level 2. HP: 26/26 MP: 0/3
   487 | D:1      | Reached XP level 3. HP: 29/32 MP: 4/4
  1285 | D:2      | Reached skill level 4 in Unarmed Combat
  1366 | D:2      | Reached XP level 4. HP: 40/40 MP: 3/5
  1369 | D:2      | Learned a level 1 spell: Apportation
  1372 | D:2      | Noticed Sigmund
  1621 | D:3      | Reached XP level 5. HP: 44/46 MP: 4/6
  1964 | D:3      | Reached skill level 1 in Fighting
  2082 | D:4      | Noticed Blork the orc
  2082 | D:4      | Noticed an ogre
  2082 | D:4      | Noticed a phantom
  2087 | D:4      | Killed an ogre
  2087 | D:4      | Reached skill level 5 in Unarmed Combat
  2087 | D:4      | Reached XP level 6. HP: 50/55 MP: 6/8
  2113 | D:4      | Mangled by Blork the orc

Skill      XL: |  1  2  3  4  5 |
---------------+----------------+-----
Dodging        | 2 |  2.6
Unarmed Combat | 4 5 |  5.1
Transmutations | 2 |  2.5
Fighting       | 1 |  1.0
Spellcasting   | 2 |  2.0

Action                   |  1- 3 |  4- 6 || total
-------------------------+-------+-------++-------
Melee: Unarmed           |   123 |    63 ||   186
       Kick              |     4 |     1 ||     5
       Headbutt          |     6 |     1 ||     7
       Punch             |     1 |     1 ||     2
 Cast: Beastly Appendage |    15 |     9 ||    24
  Use: Potion            |       |     2 ||     2
  Eat: Chunk             |    19 |     7 ||    26
Armor: Robe              |    47 |    14 ||    61
Dodge: Dodged            |    80 |    31 ||   111
Block: Other             |       |     4 ||     4
